 Dungeon Crawl Stone Soup version 0.28.0-1-gb440e238dd (webtiles) character file.

Game seed: 11229425799648752656

413 Kaptain the Digger (level 6, 0/41 HPs)
             Began as an Octopode Earth Elementalist on Feb 24, 2022.
             Slain by a gnoll sergeant (1 damage)
             ... on level 5 of the Dungeon.
             The game lasted 00:13:13 (5415 turns).

Kaptain the Digger (Octopode Earth Elementalist)    Turns: 5415, Time: 00:13:13

Health: 0/41       AC:  1    Str:  7    XL:     6   Next: 90%
Magic:  3/10       EV: 13    Int: 20    God:
Gold:   164        SH:  0    Dex: 12    Spells: 7/11 levels left

rFire   . . .      SeeInvis .   t - +0 hunting sling
rCold   . . .      Faith    .   (no shield)
rNeg    . . .      Spirit   .   (helmet restricted)
rPois   .          Reflect  .   (no amulet)
rElec   .          Harm     .   f - ring of wizardry
rCorr   .          Rampage  .   d - ring of flight
Will    .....                   (no ring)
Stlth   +++.......              (no ring)
HPRegen 0.13/turn               (no ring)
MPRegen 0.12/turn               (no ring)
                                (no ring)
                                (no ring)

@: flying
A: almost no armour, amphibious, 8 rings, camouflage 1, gelatinous body 1,
(nimble swimmer 1), tentacles
a: no special abilities


You were on level 5 of the Dungeon.
You visited 2 branches of the dungeon, and saw 6 of its levels.

You collected 164 gold pieces.

Inventory:

Hand Weapons
 j - a +1 spear of venom
 k - the +6 short sword of Ecanai {spect, rN+ Str+2 Int-5}
   (You took it off a goblin on level 2 of the Dungeon)

   When its wielder attacks, the weapon's spirit leaps out and strikes again.
   The spirit shares a part of any damage it takes with its wielder.
   Str:       It affects your strength (+2).
   Int:       It affects your intelligence (-5).
   rN:        It protects you from negative energy.
 o - the +3 dagger "Acarine's Nightmare" {vorpal, rC- rN++ Str+3}
   (You found it on level 3 of the Dungeon)

   It inflicts extra damage upon your enemies.
   Str:       It affects your strength (+3).
   rC:        It makes you vulnerable to cold.
   rN:        It greatly protects you from negative energy.
 t - a +0 hunting sling (weapon)
 w - a +2 vorpal flail
Missiles
 b - 54 stones
 l - 62 arrows
 u - 14 sling bullets (quivered ammo)
 x - 14 bolts
Jewellery
 d - a ring of flight (right tentacle)
 f - a ring of wizardry (left tentacle)
Wands
 n - a wand of iceblast (5)
 p - a wand of digging (1)
Scrolls
 a - a scroll of magic mapping {unknown}
 i - a scroll of noise {unknown}
 m - a scroll of torment {unknown}
 r - a scroll of teleportation {unknown}
 v - a scroll of fear {unknown}
 y - a scroll of vulnerability {unknown}
Potions
 c - 2 potions of degeneration
 e - 2 potions of ambrosia
 g - a potion of magic {unknown}
 h - a potion of attraction {unknown}
 q - 4 potions of curing {unknown}
 s - a potion of resistance {unknown}


   Skills:
 * Level 2.7 Fighting
 + Level 2.9 Dodging
 + Level 3.9 Stealth
 * Level 3.3 Spellcasting
 * Level 2.8 Conjurations
 - Level 1.0 Transmutations
 * Level 4.2 Earth Magic


You had 7 spell levels left.
You knew the following spells:

 Your Spells              Type           Power      Damage    Failure   Level
a - Sandblast             Erth           40%        2d10      1%          1
b - Stone Arrow           Conj/Erth      34%        3d9       4%          3

Your spell library contained the following spells:

 Spells                   Type           Power      Damage    Failure   Level
 Passwall                 Tmut/Erth      10%        N/A       2%          2
 Gell's Gravitas          Tloc           3%         N/A       16%         3
 Teleport Other           Tloc           3%         N/A       16%         3
 Petrify                  Tmut/Erth      13%        N/A       19%         4
 Dispersal                Tloc           1%         N/A       100%        6


Dungeon Overview and Level Annotations

Branches:
Dungeon (5/15)             Temple (1/1) D:5

Altars:
Ashenzari
Cheibriados
Elyvilon
Fedhas
Gozag
Makhleb
Nemelex Xobeh
Okawaru
Qazlal
Uskayaw
Vehumet
Wu Jian
Zin

Shops:
D:5 (


Innate Abilities, Weirdness & Mutations

You cannot wear most types of armour.
You are amphibious.
You can wear up to eight rings at the same time.
Your skin changes colour to match your surroundings (Stealth+).
Your rubbery body absorbs attacks. (AC +1, EV +1)
((You are camouflaged when in or above water. (Stealth+)))
You have tentacles for arms and can constrict up to eight enemies at once.


Message History

The gnoll sergeant freezes you.
Casting: Sandblast (safe; 1% risk of failure)
Confirm with . or Enter, or press ? or * to list all spells.
Aiming: Sandblast (safe; 1% risk of failure)
Press: ? - help, Shift-Dir - straight line, f/p - gnoll sergeant
Aim: a gnoll sergeant, wielding a +1 spear of freezing and wearing a +0 ring mail (lightly wounded, 86% to hit)
The blast of sand hits the gnoll sergeant.
The gnoll sergeant is lightly wounded.
b - 56 stones The gnoll sergeant misses you.
Casting: Sandblast (safe; 1% risk of failure)
Confirm with . or Enter, or press ? or * to list all spells.
Aiming: Sandblast (safe; 1% risk of failure)
Press: ? - help, Shift-Dir - straight line, f/p - gnoll sergeant
Aim: a gnoll sergeant, wielding a +1 spear of freezing and wearing a +0 ring mail (lightly wounded, 86% to hit)
The blast of sand hits the gnoll sergeant but does no damage.
The gnoll sergeant is lightly wounded.
b - 55 stones The gnoll sergeant hits you from afar with a +1 spear of freezing.
The gnoll sergeant freezes you.
Casting: Sandblast (safe; 1% risk of failure)
Confirm with . or Enter, or press ? or * to list all spells.
Aiming: Sandblast (safe; 1% risk of failure)
Press: ? - help, Shift-Dir - straight line, f/p - gnoll sergeant
Aim: a gnoll sergeant, wielding a +1 spear of freezing and wearing a +0 ring mail (lightly wounded, 86% to hit)
The blast of sand hits the gnoll sergeant but does no damage.
The gnoll sergeant is lightly wounded.
b - 54 stones The gnoll sergeant completely misses you.
The gnoll sergeant hits you from afar with a +1 spear of freezing.
* * * LOW HITPOINT WARNING * * *
The gnoll sergeant freezes you.
* * * LOW HITPOINT WARNING * * *
A gnoll comes into view. It is wielding a +0 whip.
A gnoll comes into view.
It is wielding a +1 whip of electrocution.
A gnoll comes into view. It is wielding a +0 halberd.
The gnoll sergeant hits you from afar with a +1 spear of freezing!
* * * LOW HITPOINT WARNING * * *
The gnoll sergeant freezes you.
You die...

..g. .... ...g # #######... ##
##. ###∩#.#...# ###+#####.
....#.._.. ...#...#........
....#....##...'...#........
.....#....@...# #....∩...
#..........##+###....##.
###..g##.......##...)##.
#......#.......#....)###
#....).#.......#........
#./...)#.......#......).
#########......'.(.....#<......÷
#.......########.g....[#........
#......................###...##.


You could see a gnoll sergeant and 3 gnolls.

Vanquished Creatures
  A scorpion (D:5)
  2 hounds (D:5)
  4 iguanas
  6 gnolls (D:5)
  5 adders
  An adder skeleton (D:4)
  A worm (D:2)
  A dart slug (D:2)
  9 bats
  8 endoplasms
  5 giant cockroaches
  10 hobgoblins
  3 quokkas
  6 ball pythons
  3 frilled lizards
  5 goblins
  4 kobolds
  8 rats
82 creatures vanquished.

Notes
Turn   | Place    | Note
-------+----------+-------------------------------------------
     0 | D:1      | Kaptain the Octopode Earth Elementalist began the quest for
                  | the Orb.
     0 | D:1      | Reached XP level 1. HP: 11/11 MP: 3/3
   216 | D:1      | Found a faded altar of an unknown god.
   248 | D:1      | Reached XP level 2. HP: 13/18 MP: 0/5
   827 | D:2      | Reached skill level 1 in Conjurations
   827 | D:2      | Reached XP level 3. HP: 6/22 MP: 6/6
   838 | D:2      | Reached skill level 1 in Fighting
  1085 | D:2      | Learned a level 3 spell: Stone Arrow
  1793 | D:2      | Reached XP level 4. HP: 25/28 MP: 7/7
  1908 | D:2      | Identified the +6 short sword of Ecanai {spect, rN+ Str+2
                  | Int-5}
  2564 | D:3      | Identified the +3 dagger "Acarine's Nightmare" {vorpal, rC-
                  | rN++ Str+3}
  2815 | D:3      | Found an opulent altar of Gozag.
  2922 | D:3      | Found a white marble altar of Elyvilon.
  2952 | D:3      | Found a glowing silver altar of Zin.
  3259 | D:4      | Reached XP level 5. HP: 34/34 MP: 4/9
  3952 | D:5      | Entered Level 5 of the Dungeon
  3956 | D:5      | Found Reygraeh's Weapon Shoppe.
  4264 | D:5      | Found a staircase to the Ecumenical Temple.
  4272 | D:5      | Reached XP level 6. HP: 39/39 MP: 6/10
  4319 | D:5      | Reached skill level 4 in Earth Magic
  4323 | Temple   | Entered the Ecumenical Temple
  4837 | D:5      | HP: 1/40 [iguana (12)]
  5330 | D:5      | Found a burning altar of Makhleb.
  5415 | D:5      | HP: 1/41 [gnoll sergeant (8)]
  5415 | D:5      | Slain by a gnoll sergeant

Illustrated notes

Levels and vault maps discovered:
D:1:      erik_arrival_orb_chamber, layout_basic,
          hellmonk_ecumenical_altar_zigzags
D:2:      layout_loops_ring
D:3:      layout_basic, pdpol_temple_overflow_zin_treasury_gozag_greed,
          mainiacjoe_overflow_surrounded_room
D:4:      layout_basic
D:5:      layout_gridville, makhleb_heckhound_becter,
          minmay_temple_entry_gardened_gates, serial_shops, shop
Temple:   jpeg_temple_island

Skill      XL: |  1  2  3  4  5  6 |
---------------+-------------------+-----
Stealth        | 3 |  3.9
Conjurations   | 1 2 |  2.8
Fighting       | 1 2 |  2.7
Spellcasting   | 3 |  3.3
Earth Magic    | 4 |  4.2
Dodging        | |  2.9
Transmutations | |  1.0

Action                   |  1- 3 |  4- 6 || total
-------------------------+-------+-------++-------
Melee: Dagger            |    29 |       ||    29
       Constrict         |    14 |     8 ||    22
       Tentacles         |    11 |     2 ||    13
       Unarmed           |     1 |       ||     1
       Punch             |     1 |     1 ||     2
       Short sword       |    19 |     2 ||    21
       Spear             |     9 |    32 ||    41
 Fire: Hunting sling     |       |    42 ||    42
 Cast: Sandblast         |    17 |    53 ||    70
       Stone Arrow       |       |     5 ||     5
  Use: Scroll            |       |     2 ||     2
 Stab: Sleeping          |     8 |     8 ||    16
       Distracted        |       |     1 ||     1
Armor: Skin              |     5 |     3 ||     8
Dodge: Dodged            |    36 |    25 ||    61
